 Dungeon Crawl Stone Soup version 0.29-a0-553-g81b289dbe5 (webtiles) character file.

Game seed: 3938308144650834186

139 nobbins the Conjurer (level 5, -1/40 HPs)
             Began as a Draconian Conjurer on June 6, 2022.
             Was a Priest of Qazlal.
             Slain by a river rat (5 damage)
             ... on level 3 of the Dungeon.
             The game lasted 00:18:00 (1992 turns).

nobbins the Conjurer (Draconian Conjurer)           Turns: 1992, Time: 00:18:02

Health: -1/40      AC:  5    Str:  9    XL:     5   Next: 1%
Magic:  0/8        EV: 12    Int: 21    God:    Qazlal [***...]
Gold:   114        SH:  4    Dex:  9    Spells: 2/8 levels left

rFire   . . .      SeeInvis .   g - staff of poison
rCold   . . .      Faith    .   (no shield)
rNeg    . . .      Spirit   .   (body armour unavailable)
rPois   +          Reflect  .   (helmet restricted)
rElec   .          Harm     .   (no cloak)
rCorr   .          Rampage  .   (no gloves)
Will    .....                   (no boots)
Stlth   +.........              (no amulet)
HPRegen 0.13/turn               (no ring)
MPRegen 0.11/turn               (no ring)

@: no status effects
A: AC +5, unfitting armour, cold-blooded
a: Renounce Religion, Upheaval, Elemental Force


You were on level 3 of the Dungeon.
You worshipped Qazlal.
Qazlal was most pleased with you.
You visited 1 branch of the dungeon, and saw 3 of its levels.

You collected 114 gold pieces.

Inventory:

Hand Weapons
 b - a +0 dagger
Armour
 e - a +0 robe
Magical Staves
 g - a staff of poison (weapon)
Scrolls
 f - a scroll of identify
 i - a scroll of fear {unknown}
 j - a scroll of brand weapon {unknown}
 l - a scroll of teleportation
 m - a scroll of acquirement {unknown}
 n - a scroll of vulnerability {unknown}
 o - a scroll of fog {unknown}
Potions
 c - a potion of resistance
 d - a potion of might
 h - a potion of heal wounds {unknown}
 k - a potion of curing


   Skills:
 + Level 1.2 Fighting
 + Level 0.4 Short Blades
 + Level 0.9 Staves
 + Level 2.2 Dodging
 + Level 2.2 Stealth
 + Level 0.1 Shields
 + Level 2.4 Spellcasting
 + Level 5.2 Conjurations


You had 2 spell levels left.
You knew the following spells:

 Your Spells              Type           Power      Damage    Failure   Level
a - Magic Dart            Conj           96%        1d7       1%          1
b - Searing Ray           Conj           48%        2d6       2%          2
c - Dazzling Flash        Conj/Hex       26%        N/A       14%         3

Your spell library contained the following spells:

 Spells                   Type           Power      Damage    Failure   Level
 Ensorcelled Hibernation  Hex/Ice        4%         N/A       22%         2
 Spider Form              Tmut/Pois      3%         N/A       38%         3
 Fulminant Prism          Conj/Hex       6%         3d7       43%         4
 Iskenderun's Mystic Bla  Conj/Tloc      13%        2d5       43%         4
 Anguish                  Hex/Necr       1%         N/A       80%         4


Dungeon Overview and Level Annotations

Branches:
Dungeon (3/15)

Altars:
Qazlal

Portals:
Sewer: D:3


Innate Abilities, Weirdness & Mutations

Your plain brown scales are hard. (AC +5)
You cannot fit into any form of body armour.
You are cold-blooded and may be slowed by cold attacks.


Message History

A hobgoblin comes into view.
The hobgoblin shouts!
You hear a shout!
The river rat bites you.
You hit the river rat.
The river rat is lightly wounded.
You hear a shout!
The river rat bites you.
You barely miss the river rat.
The river rat is lightly wounded.
The river rat bites you.
* * * LOW HITPOINT WARNING * * *
You feel better. The river rat closely misses you.
A river rat comes into view.
The river rat attacks as you move away! The river rat bites you.
A goblin comes into view. It is wielding a +0 club.
The river rat twitches its whiskers.
A goblin comes into view. It is wielding a +0 club.
Things that are here:
a +0 dagger; a +0 dagger; a +0 club The river rat attacks as you move away!
The river rat bites you.
* * * LOW HITPOINT WARNING * * *
Casting: Magic Dart (safe; 1% risk of failure)
Confirm with . or Enter, or press ? or * to list all spells.
Aiming: Searing Ray (safe; 2% risk of failure)
Press: ? - help, Shift-Dir - straight line, f - river rat
Aim: a river rat (77% to hit)
The searing ray hits the river rat.
The river rat is lightly wounded.
The searing ray hits the river rat.
The river rat is heavily wounded. (Press . to maintain the ray.)
The river rat bites you!
* * * LOW HITPOINT WARNING * * *
The searing ray hits the river rat!
The river rat is almost dead.
The searing ray hits the river rat!
You kill the river rat!
Qazlal accepts your kill. The river rat bites you.
You die...

......# #.#.# #......
......#####†#.####### #......
.#.##...............# #......
.#.##...####........### #...g..
.#.##.#.####......))..# #..g...
.#.##.#....)).....###)## #......
..<...###########.###).# ##......
..###############..###.###.......
.)............)○@r.†gg.).........
...................g........)....
≈...≈.≈..≈≈≈≈≈..≈≈≈.≈≈..≈≈≈......
≈≈≈≈≈≈≈≈≈≈≈≈≈≈≈≈≈≈≈≈≈≈≈≈≈≈..)..≈≈
≈≈≈≈≈≈≈≈≈≈≈≈≈≈≈≈≈≈≈≈≈≈≈≈≈≈≈.)...≈
####≈≈≈≈≈≈≈≈≈≈≈≈≈≈≈≈≈≈≈≈≈≈≈.)...≈
#########################''###
........#. #.)..# .......' #..).#


You could see a river rat, a hobgoblin and 2 goblins.

Vanquished Creatures
  Robin (D:3)
  2 gnolls (D:3)
  An adder (D:2)
  A river rat (D:3)
  2 dart slugs
  2 orcs (D:2)
  8 bats
  6 endoplasms
  3 giant cockroaches
  18 hobgoblins
  2 kobolds (D:3)
  A quokka (D:1)
  5 ball pythons
  5 frilled lizards
  21 goblins
  5 rats
83 creatures vanquished.

Vanquished Creatures (others)
  A fungus (D:1)
1 creature vanquished.

Grand Total: 84 creatures vanquished

Notes
Turn   | Place    | Note
-------+----------+-------------------------------------------
     0 | D:1      | nobbins the Draconian Conjurer began the quest for the Orb.
     0 | D:1      | Reached XP level 1. HP: 14/14 MP: 3/3
     3 | D:1      | Found a faded altar of an unknown god.
    13 | D:1      | Prayed at the altar of an unknown god.
    13 | D:1      | Became a worshipper of Qazlal Stormbringer
    13 | D:1      | Reached * piety under Qazlal
    95 | D:1      | Reached XP level 2. HP: 18/20 MP: 3/5
   688 | D:2      | Reached XP level 3. HP: 22/26 MP: 6/6
   916 | D:2      | Learned a level 2 spell: Searing Ray
  1179 | D:2      | Reached ** piety under Qazlal
  1420 | D:3      | Reached skill level 5 in Conjurations
  1586 | D:3      | Reached XP level 4. HP: 15/33 MP: 4/7
  1599 | D:3      | Noticed Robin
  1618 | D:3      | Killed Robin
  1776 | D:3      | Reached skill level 1 in Fighting
  1890 | D:3      | Reached *** piety under Qazlal
  1941 | D:3      | Learned a level 3 spell: Dazzling Flash
  1962 | D:3      | Found a glowing drain.
  1964 | D:3      | Reached XP level 5. HP: 23/40 MP: 3/8
  1992 | D:3      | Slain by a river rat

Illustrated notes

Levels and vault maps discovered:
D:1:      dpeg_arrival_tiny_a, layout_rooms, shapermc_ecumenical_altar_gd,
          minivault_14
D:2:      layout_basic
D:3:      minmay_goblin_kobold_castle, layout_basic, nzn_hepliaklqana_mist_gate,
          overflow_temple_1_default, portal_sewer_entry_a,
          minmay_misc_feat_enclosed, uniq_robin

Skill      XL: |  1  2  3  4 |
---------------+-------------+-----
Dodging        | 2 |  2.2
Conjurations   | 5 |  5.2
Stealth        | 2 |  2.2
Fighting       | 1 |  1.2
Short Blades   | |  0.4
Staves         | |  0.9
Shields        | |  0.1
Spellcasting   | |  2.4

Action                   |  1- 3 |  4- 6 || total
-------------------------+-------+-------++-------
Melee: Dagger            |    22 |       ||    22
       Unarmed           |     2 |       ||     2
       Staff             |    24 |    37 ||    61
       Tailslap          |     6 |     4 ||    10
 Cast: Magic Dart        |    64 |    15 ||    79
       Searing Ray       |     7 |    10 ||    17
  Use: Scroll            |     2 |       ||     2
       Potion            |     1 |     4 ||     5
Armor: Skin              |    21 |    20 ||    41
Dodge: Dodged            |    42 |    39 ||    81
Block: Other             |     5 |     5 ||    10

Table legend: (Time is in decaauts)
 A = Elapsed time spent in this place.
 B = Non-inter-level travel time spent in this place.
 C = Inter-level travel time spent in this place.
 D = Time resting spent in this place.
 E = Time spent auto-exploring this place.
 F = Levels seen in this place.
 G = Mean time per level.
                   A        B        C        D        E       F      G
               +--------+--------+--------+--------+--------+-----+--------+
         Total |   2006 |   2006 |      0 |     57 |    981 |   3 |  668.7 |
       Dungeon |   2006 |   2006 |      0 |     57 |    981 |   3 |  668.7 |
               +--------+--------+--------+--------+--------+-----+--------+

Top non-repeatable levels by time:
     D:2: 759 daAuts
     D:1: 659 daAuts
     D:3: 587 daAuts
